 Dungeon Crawl Stone Soup version 0.30.1-5-ged363bc7ee (webtiles) character file.

Game seed: 13011193101558057438

1882 Amplified the Basher (level 8, 0/65 HPs)
             Began as a Demonspawn Hexslinger on Sept 19, 2023.
             Was an Initiate of Gozag.
             Splashed by a jelly's acid (9 damage)
             ... on level 7 of the Dungeon.
             The game lasted 00:09:28 (6929 turns).

Amplified the Basher (Demonspawn Hexslinger)        Turns: 6929, Time: 00:09:28

Health: 0/65       AC: -10   Str: 13      XL:     8   Next: 92%
Magic:  9/9        EV: 12    Int: 14      God:    Gozag
Gold:   261        SH:  0    Dex: 11 (16) Spells: 8/9 levels left

rFire   . . .        e - +2 whip (elec)
rCold   . . .        (no shield)
rNeg    . . .        c - +0 robe
rPois   .            p - +2 helmet
rElec   .            i - scarf {shadows}
rCorr   .            (no gloves)
SInv    .            (no boots)
Will    .....        j - amulet of the acrobat
Stlth   ++           (no ring)
HPRegen 0.30/turn    (no ring)
MPRegen 0.11/turn

%: acrobat
@: corroded
A: thin skeletal structure 1, ignite blood 1, weakness stinger 1
a: Renounce Religion, Potion Petition, Call Merchant, Bribe Branch


You were on level 7 of the Dungeon.
You worshipped Gozag.
Gozag was aware of your devotion.
You visited 1 branch of the dungeon, and saw 7 of its levels.

You collected 794 gold pieces.
You spent 512 gold pieces at shops.
You paid 21 gold pieces to Gozag.

Inventory:

Hand Weapons
 a - a +1 sling
 d - a +0 hand axe
 e - a +2 whip of electrocution (weapon)
 r - the +6 great sword of Calamity {heavy, rN++}
   (You bought it in a shop on level 7 of the Dungeon)

   rN:        It greatly protects you from negative energy.
Armour
 c - a +0 robe (worn)
 g - a +0 hat
 i - a scarf of shadows (worn)
 p - a +2 helmet (worn)
Jewellery
 f - a ring of ice
 j - an amulet of the acrobat (around neck)
Scrolls
 b - a scroll of poison
 k - a scroll of teleportation
Potions
 h - a potion of brilliance {unknown}
 l - a potion of curing
 m - a potion of flight {unknown}
 o - a potion of mutation {unknown}


   Skills:
 + Level 6.6 Fighting
 * Level 8.5 Maces & Flails
 - Level 1.7 Ranged Weapons
 - Level 0.7 Armour
 - Level 1.8 Dodging
 - Level 1.0 Spellcasting
 - Level 3.0 Hexes


You had 8 spell levels left.
You knew the following spells:

 Your Spells              Type           Power      Damage    Failure   Level
a - Slow                  Hex            36%        N/A       8%          1

Your spell library contained the following spells:

 Spells                   Type           Power      Damage    Failure   Level
 Apportation              Tloc           0%         N/A       26%         1
 Necrotise                Necr           0%         1d4       26%         1
 Shock                    Conj/Air       0%         1d3       26%         1
 Sting                    Tmut/Pois      0%         1d3       26%         1
 Summon Small Mammal      Summ           0%         N/A       26%         1
 Poisonous Vapours        Pois/Air       0%         N/A       36%         2
 Sublimation of Blood     Necr           0%         N/A       36%         2
 Wereblood                Tmut           0%         N/A       36%         2
 Inner Flame              Hex/Fire       4%         N/A       38%         3
 Portal Projectile        Hex/Tloc       8%         N/A       38%         3
 Cause Fear               Hex            4%         N/A       58%         4
 Swiftness                Air            0%         N/A       61%         3
 Airstrike                Air            0%         2d(0-16)  95%         4
 Olgreb's Toxic Radiance  Pois           0%         N/A       95%         4
 Summon Hydra             Summ           0%         N/A       100%        7


Dungeon Overview and Level Annotations

Branches:
Dungeon (7/15)             Temple (0/1) D:4

Altars:
Fedhas
Gozag
Makhleb
Okawaru
Qazlal
Vehumet
Wu Jian

Shops:
D:7 (

Annotations:
D:5 1 runed translucent door, ripuliukko's ghost, novice DEEE


Innate Abilities, Weirdness & Mutations

You have a somewhat thin skeletal structure. (Dex +2, Stealth+)
Your demonic aura sometimes causes spilled blood to erupt in flames.
You have a small tail.


Message History

* * * LOW HITPOINT WARNING * * *
The jelly is severely wounded.
You hit the jelly but do no damage.
Your hands burn!
* * * LOW HITPOINT WARNING * * *
You tail-slap the jelly.
The jelly is severely wounded.
The jelly hits you.
* * * LOW HITPOINT WARNING * * *
The acid corrodes you!
You are splashed with acid!
* * * LOW HITPOINT WARNING * * *
You feel much better.
Your attacks no longer feel as feeble.
The jelly hits you.
You are splashed with acid.
* * * LOW HITPOINT WARNING * * *
Unknown command.
Okay, then.
You aren't carrying any items that you can evoke.
Unknown command.
Okay, then.
Unknown command.
Throw: 2 throwing nets
Press: ? - help, Q - select action, (/) - cycle Shift-Dir - straight line, f - jelly
Aim: a jelly (severely wounded, 89% to hit)
You throw a throwing net.
The throwing net barely misses the jelly.
The jelly hits you.
* * * LOW HITPOINT WARNING * * *
The acid corrodes you!
You are splashed with acid!
* * * LOW HITPOINT WARNING * * *
Unknown command.
Throw: throwing net
Press: ? - help, Q - select action, (/) - cycle Shift-Dir - straight line, f/p - jelly
Aim: a jelly (severely wounded, 89% to hit)
You throw a throwing net.
The throwing net barely misses the jelly.
The jelly hits you.
* * * LOW HITPOINT WARNING * * *
You are splashed with acid!
You die...
Your body crumbles into a pile of gold. ## .. #. #. #####J### ......@.# #########

You could see a jelly.

Vanquished Creatures
  Sigmund (D:6)
  An ice beast (D:5)
  A black bear (D:5)
  A centaur (D:5)
  3 phantoms
  A bullfrog (D:7)
  2 gnoll sergeants
  2 scorpions (D:5)
  2 wights
  A howler monkey (D:5)
  3 quasits (D:6)
  A jelly (D:4)
  3 hounds
  A gnoll bouda (D:5)
  4 iguanas
  An orc wizard (D:4)
  9 adders
  14 gnolls
  3 shadow imps (D:6)
  7 white imps
  7 ufetubi
  A worm (D:2)
  13 orcs
  A ball python (D:1)
  4 endoplasms
  2 giant cockroaches (D:1)
  3 goblins
  11 hobgoblins
  7 kobolds
  A quokka (D:2)
  3 bats
  A frilled lizard (D:2)
  9 rats
124 creatures vanquished.

Notes
Turn   | Place    | Note
-------+----------+-------------------------------------------
     0 | D:1      | Amplified the Demonspawn Hexslinger began the quest for the
                  | Orb.
     0 | D:1      | Reached XP level 1. HP: 15/15 MP: 2/2
   244 | D:1      | Gained mutation: Your demonic aura sometimes causes spilled
                  | blood to erupt in flames. [demonic ancestry]
   244 | D:1      | Reached XP level 2. HP: 21/21 MP: 3/3
   539 | D:1      | You fall into a shaft and drop 1 floor!
   640 | D:2      | Reached skill level 1 in Maces & Flails
   651 | D:2      | Reached XP level 3. HP: 27/27 MP: 4/4
  1057 | D:2      | Reached skill level 2 in Maces & Flails
  1381 | D:2      | Found a faded altar of an unknown god.
  1556 | D:3      | Reached XP level 4. HP: 19/33 MP: 5/5
  1993 | D:3      | Found a burning altar of Makhleb.
  2092 | D:3      | Found a stormy altar of Qazlal.
  2092 | D:3      | Found an opulent altar of Gozag.
  2099 | D:3      | Found a faded altar of an unknown god.
  2101 | D:3      | Found an ornate altar of the Wu Jian Council.
  2103 | D:3      | Found a radiant altar of Vehumet.
  2113 | D:3      | Became a worshipper of Gozag Ym Sagoz the Greedy
  2559 | D:4      | Reached skill level 3 in Maces & Flails
  2559 | D:4      | Gained mutation: You have a somewhat thin skeletal
                  | structure. (Dex +2, Stealth+) [demonic ancestry]
  2559 | D:4      | Reached XP level 5. HP: 35/40 MP: 6/6
  2830 | D:4      | Noticed a phantom
  2836 | D:4      | Killed a phantom
  2837 | D:4      | Reached skill level 4 in Maces & Flails
  2878 | D:4      | Found a staircase to the Ecumenical Temple.
  2882 | D:4      | Reached XP level 6. HP: 44/47 MP: 7/7
  3467 | D:5      | Entered Level 5 of the Dungeon
  3626 | D:5      | Reached skill level 5 in Maces & Flails
  3663 | D:5      | Gained mutation: You have a small tail. [demonic ancestry]
  3663 | D:5      | Reached XP level 7. HP: 26/54 MP: 6/8
  3840 | D:5      | Found a blossoming altar of Fedhas.
  4186 | D:5      | Reached skill level 6 in Maces & Flails
  4318 | D:5      | Reached skill level 5 in Fighting
  4710 | D:5      | Found a runed translucent door.
  4958 | D:5      | Noticed ripuliukko's ghost (novice DEEE)
  5032 | D:5      | Reached XP level 8. HP: 48/62 MP: 9/9
  5296 | D:6      | Noticed Sigmund
  5305 | D:6      | Killed Sigmund
  5306 | D:6      | Reached skill level 7 in Maces & Flails
  6140 | D:6      | Reached skill level 8 in Maces & Flails
  6240 | D:6      | Found an iron altar of Okawaru.
  6463 | D:7      | Found Rodduol's Antique Weapon Emporium.
  6487 | D:7      | Bought an iridescent quarterstaff for 225 gold pieces
  6487 | D:7      | Identified the +4 quarterstaff of Impatience {spect, rN+
                  | rCorr Str-5 SInv} (You bought it in a shop on level 7 of
                  | the Dungeon)
  6487 | D:7      | Bought a jewelled great sword for 287 gold pieces
  6487 | D:7      | Identified the +6 great sword of Calamity {heavy, rN++}
                  | (You bought it in a shop on level 7 of the Dungeon)
  6929 | D:7      | Splashed by a jelly's acid

Illustrated notes

Levels and vault maps discovered:
D:1:      dpeg_arrival_stone_temple_mockup, layout_basic
D:2:      layout_basic, shapermc_ecumenical_altar_mp_vishouse, st_stairs_5,
          grunt_decor_fettered, hangedman_decor_riveting, amethyst_killhole
D:3:      layout_loops_ring, mainiacjoe_overflow_catwalk,
          chequers_temple_overflow_minitemple, st_stairs_2
D:4:      layout_basic, minmay_temple_entry_junction, serial_glass,
          glass_columns_a, glass_columns_a, glass_columns_a, glass_columns_a,
          glass_columns_a, glass_columns_a, glass_columns_a, glass_columns_c
D:5:      layout_loops_ring, mainiacjoe_overflow_paths,
          ebering_ghost_reflecting_pool
D:6:      layout_cave_pools, nicolae_overflow_crystal_walls, serial_demonic,
          serial_demonic_d, serial_demonic_d, serial_demonic_d,
          serial_demonic_e, serial_demonic_f, serial_demonic_g,
          serial_demonic_b, serial_demonic_b, serial_demonic_d,
          serial_demonic_c, uniq_sigmund, uniq_blork_the_orc
D:7:      layout_basic, serial_shops, shop, grunt_ministairs_8

Skill      XL: |  1  2  3  4  5  6  7  8 |
---------------+-------------------------+-----
Maces & Flails | 1 2 3 4 5 6 8 |  8.5
Fighting       | 2 3 4 5 6 |  6.6
Ranged Weapons | |  1.7
Armour         | |  0.7
Dodging        | |  1.8
Spellcasting   | |  1.0
Hexes          | |  3.0

Action                     |  1- 3 |  4- 6 |  7- 9 || total
---------------------------+-------+-------+-------++-------
  Melee: Hand axe          |    10 |       |       ||    10
         Whip              |   102 |   120 |   299 ||   521
         Punch             |     1 |     1 |     1 ||     3
         Tailslap          |       |       |    48 ||    48
   Fire: Sling             |    10 |     1 |     3 ||    14
  Throw: Throwing net      |       |       |     2 ||     2
   Cast: Slow              |       |     2 |     8 ||    10
  Evoke: Wand              |       |     5 |       ||     5
    Use: Scroll            |     3 |     4 |     7 ||    14
         Potion            |       |     1 |     6 ||     7
   Stab: Sleeping          |     2 |     6 |     1 ||     9
         Paralysed         |       |     5 |       ||     5
         Distracted        |       |       |     1 ||     1
 Armour: Robe              |    14 |    17 |   104 ||   135
  Dodge: Dodged            |    72 |    60 |   226 ||   358
